Zazza, neutral female human Tourist # ----- ---.- #-.*.-#### ---------------- |...| #|.{`| # |...{..........| |...+## #-.-+- ##-..............| |...| # # # # -.-------------- |..>| ### # # ### ########### |....## # # # # # |...| ### ------------- ### # ### ### ----- # |...........| # # # # ### |...........|#### # # ### ------ # |...........|## # # # |....| ###|@f..........############################ ## |....| #d...........|#%# ---.----.-- -.----|- ##.....| -------------# # |.........|## |......| # ------ ---- `###### ###|.........| # |..<....### |..| #-.........| #########+......| |..| ----------- -------- ---- Zazza the Rambler Experience level: 1 Strength: 12 Dexterity: 14 Constitution: 17 Intelligence: 10 Wisdom: 9 Charisma: 15 Health: 0(14) Energy: 2(2) Def: 1 Gold: 500 Moves: 1465 Dungeon seed: 4e_ACvU3NqlFO1Eb Game ID: Zazza_1598467392 Your Inventory: Coins $ - 500 gold pieces Weapons a - 25 +2 darts (in quiver) E - a +0 orcish dagger G - a cursed -2 mace Armor e - an uncursed +0 Hawaiian shirt (being worn) q - an uncursed +0 leather cloak (being worn) y - an uncursed +0 orcish helm Comestibles b - an uncursed tripe ration d - 2 uncursed lembas wafers f - an uncursed apple h - an uncursed partly eaten food ration i - an uncursed candy bar j - an uncursed egg o - 2 uncursed sprigs of wolfsbane Scrolls p - an uncursed scroll of confuse monster Potions k - 3 uncursed potions of extra healing u - an uncursed potion of monster detection v - an uncursed potion of sleeping w - a blessed potion of gain energy x - an uncursed potion of invisibility z - an uncursed potion of water A - an uncursed potion of blindness B - an uncursed potion of confusion Rings H - an uncursed ring of warning Tools m - an expensive camera (0:97) n - an uncursed credit card r - an uncursed oilskin sack Contents of the oilskin sack: an uncursed spellbook of teleport away Spells and supernatural/magical abilities: Name Level Category Fail Memory W - pray for help -- divine ? -- Your skills at the end: Fighting Skills Weapon Skills dart [Basic] Spellcasting Skills Final Attributes: You were stridently aligned. You are dead. Vanquished creatures: a hobbit a giant rat a red mold 2 geckos 9 jackals 2 kobolds 3 goblins a sewer rat 8 grid bugs 3 lichens 3 kobold zombies 9 newts 43 creatures vanquished. Voluntary challenges: You never hit with a wielded weapon. You read items or engraved 7 times, starting on turn 3. You never genocided any monsters. You never polymorphed an object. You never changed form. You used no wishes. You never split a pudding. You never wrote Elbereth's name. You never violated your personal moral code. Dungeon overview: The Dungeons of Doom: levels 1 to 4 Level 1 a fountain a long staircase Level 2 a potion shop, a fountain Level 3 some fountains a long staircase Level 4 <- You were here some fountains History has recorded: On T:1 you entered the Dungeons of Doom to retrieve the Amulet of Yendor! On T:193 you reached level 2 of The Dungeons of Doom. On T:986 you reached level 3 of The Dungeons of Doom. On T:1286 you reached level 4 of The Dungeons of Doom. Score breakdown: Gold: 391 ( 8821 points) Experience: 1 level ( 0 points) Exploration: 4 levels ( 8.16%) ( 7500 points) Discoveries: 0 items ( 0.00%) ( 0 points) Valuables value: (no points given unless you survive) Artifact value: 0 ( 0 points) Variety of kills: 12 monsters ( 3.15%) ( 5324 points) Turncount: 1465 turns ( 0 points) Survival: died (score multiplied by 80%) Total score: 17316 Latest messages: Eating deep fried food made your fingers very slippery. Your ring slips off your finger. H - a pearl ring. You displace Armand. You see here a kobold corpse. The newt bites! Armand misses the newt. The newt bites! You hear some noises. You are beginning to feel hungry. That food really hit the spot! You stop eating. With great effort you move the boulder. You displace Armand. You see here a kobold corpse. You feel tough! You must be leading a healthy life-style. The door resists! The door opens. You miss the coyote. The coyote bites! You hit the coyote. The coyote bites! (2x) You die... Final status: Aloha Zazza the Tourist, killed by a coyote... You died in The Dungeons of Doom on dungeon level 4 with 17316 points, and 500 pieces of gold, after 1465 moves. You were level 1 with a maximum of 14 hit points when you died.